 Dungeon Crawl Stone Soup version 0.22-a0-565-gfc6459a (webtiles) character file.

4300 pk666 the Thaumaturge (level 10, -4/50 HPs)
             Began as a Deep Elf Fire Elementalist on June 28, 2018.
             Slain by a wolf (10 damage)
             ... led by Grum
             ... on level 7 of the Dungeon.
             The game lasted 00:26:55 (9918 turns).

pk666 the Thaumaturge (Deep Elf Fire Elementalist)  Turns: 9918, Time: 00:26:55

Health: -4/50      AC:  8    Str:  5    XL:     10   Next: 11%
Magic:  12/36      EV: 13    Int: 24    God:
Gold:   370        SH:  0    Dex: 15    Spells: 22/31 levels left

rFire    + + .     SeeInvis .   H - +0 quarterstaff (crush)
rCold    + . .     Gourm    .   (shield currently unavailable)
rNeg     . . .     Faith    .   J - +2 robe {rC+ rF+}
rPois    .         Spirit   .   (no helmet)
rElec    .         Reflect  .   I - +0 cloak
rCorr    .         Harm     .   E - +2 pair of gloves
MR       +....                  (no boots)
Stlth    ++........             p - amulet of the acrobat
HPRegen  0.16/turn              b - ring of protection from fire
MPRegen  0.25/turn              d - ring of magical power

@: no status effects
A: no striking features
a: no special abilities


You were on level 7 of the Dungeon.
You were hungry.

You visited 2 branches of the dungeon, and saw 9 of its levels.
You also visited: Sewer and Ossuary.

You collected 412 gold pieces.
You spent 42 gold pieces at shops.

Inventory:

Hand Weapons
 H - a +0 quarterstaff of crushing (weapon)
Armour
 E - a +2 pair of gloves (worn)
 I - a +0 cloak (worn)
 J - a +2 robe of resistance (worn)
Jewellery
 b - a ring of protection from fire (left hand)
 d - a ring of magical power (right hand)
 p - an amulet of the acrobat (around neck)
 A - a +2 amulet of reflection
Wands
 B - a wand of digging (12)
 D - a wand of disintegration (6)
 F - a wand of iceblast (9)
Scrolls
 g - 3 scrolls of enchant armour {unknown}
 h - 7 scrolls of remove curse
 i - 8 scrolls of identify
 j - 6 scrolls of teleportation
 n - 3 scrolls of fog {unknown}
 r - 3 scrolls of enchant weapon
 t - a scroll of random uselessness {unknown}
 w - 2 scrolls of fear {unknown}
 x - a scroll of blinking {unknown}
 y - 4 scrolls of magic mapping {unknown}
 C - a scroll of vulnerability {unknown}
 G - a scroll of amnesia {unknown}
Potions
 e - 3 potions of flight
 f - 2 potions of haste {unknown}
 k - 3 potions of agility
 l - 2 potions of invisibility
 m - a potion of magic {unknown}
 o - 2 potions of heal wounds
 q - a potion of brilliance {unknown}
 s - a potion of curing
 u - a potion of degeneration {unknown}
 v - a potion of ambrosia {unknown}
 z - 2 potions of might
Comestibles
 a - 4 chunks of flesh
 c - 11 rations


   Skills:
 - Level 2.4 Dodging
 - Level 2.4 Stealth
 + Level 11.0 Spellcasting
 + Level 9.8 Conjurations
 + Level 9.7 Fire Magic


You had 22 spell levels left.
You knew the following spells:

 Your Spells              Type           Power        Failure   Level  Hunger
a - Flame Tongue          Conj/Fire      #####        1%          1    None
c - Conjure Flame         Conj/Fire      ######..     1%          3    None
z - Fireball              Conj/Fire      ######....   2%          5    ####...

Your spell library contained the following spells:

 Spells                   Type           Power        Failure   Level  Hunger
 Cause Fear               Hex            ##........   43%         4    None
 Slow                     Hex            ##......     7%          2    None
 Confuse                  Hex            ##......     14%         3    None
 Throw Flame              Conj/Fire      ######       1%          2    None
 Sticky Flame             Conj/Fire      ######..     1%          4    None
 Tukima's Dance           Hex            ##......     14%         3    None
 Ensorcelled Hibernation  Hex/Ice        ##....       7%          2    None
 Corona                   Hex            ##.....      4%          1    None
 Portal Projectile        Hex/Tloc       ##....       14%         3    None
 Leda's Liquefaction      Hex/Erth       ##........   43%         4    None
 Inner Flame              Hex/Fire       #####...     1%          3    None
 Dazzling Spray           Conj/Hex       #####.       1%          3    None


Dungeon Overview and Level Annotations

Branches:
Dungeon (8/15)             Temple (1/1) D:4            Lair (0/6) D:8

Altars:
Ashenzari
Cheibriados
Dithmenos
Fedhas
Gozag
Hepliaklqana
Kikubaaqudgha
Makhleb
Nemelex Xobeh
Okawaru
Qazlal
Ru
Sif Muna
Trog
Uskayaw
Wu Jian
Xom
Yredelemnul
Zin
The Shining One

Shops:
D:4 *

Annotations:
D:5 3 runed doors, iamserjio's ghost, amateur GnAs
D:8 Grum


Message History

Aim: a wolf (moderately wounded)
The flame tongue hits the wolf.
The wolf is severely wounded.
The wolf bites you but does no damage. The wolf closely misses you.
Casting: Flame Tongue (safe; 1% risk of failure)
Confirm with . or Enter, or press ? or * to list all spells.
Aiming: Flame Tongue (safe; 1% risk of failure)
Press: ? - help, Shift-Dir - straight line, f/p - wolf
Aim: a wolf (severely wounded)
The flame tongue misses the wolf.
The flame tongue hits the wolf.
The wolf is heavily wounded.
The wolf closely misses you. The wolf bites you!
* * * LOW HITPOINT WARNING * * *
Casting: Flame Tongue (safe; 1% risk of failure)
Confirm with . or Enter, or press ? or * to list all spells.
Aiming: Flame Tongue (safe; 1% risk of failure)
Press: ? - help, Shift-Dir - straight line, f/p - wolf
Aim: a wolf (severely wounded)
The flame tongue misses the wolf. x2; The wolf bites you!
You die...

#..# ##.# ####.#..... #..#
#.###### #.#[##.. #..#
#......# #.#[##.. ## #..#
#.####.# #.#..... .#######..#
#.# #.####.#..#.# ..........#
#.# #........>#.# .#.######)#
#.# ######.##.#.# .#.# ####.#
#.# #.##.#.# .#.###....### #@#
###.##.#.. .....#.##...## #h#
###......#.# .###.#.#.....#
#h# #>........## .#
#.........###.#####.#.#.####.#
.###.......>.............#.#
#..
.......................###.#
#..
.#.##...........()..<......#
##.
.#.#############.###########
#. (#.# #.# #.


You could see 2 wolves.

Vanquished Creatures
  A two-headed ogre (D:5)
  Psyche (D:8)
  Prince Ribbit (D:8)
  2 hippogriffs
  Sigmund (D:6)
  Eustachio (D:6)
  A hungry ghost (D:8)
  Duvessa (D:7)
  An orc warrior (D:7)
  2 ice beasts (D:6)
  2 phantoms
  2 ogres
  A wolf (D:7)
  A centaur (D:8)
  A big kobold (D:6)
  2 bullfrogs
  Dowan (D:7)
  A scorpion (D:7)
  2 centaur zombies
  A crimson imp (D:7)
  5 hounds
  3 orc priests (D:5)
  5 orc wizards
  3 bullfrog skeletons (D:7)
  An iguana (D:7)
  Jessica (D:3)
  3 worker ants
  A hound skeleton (D:7)
  12 mummies (Ossuary)
  20 adders
  4 river rats
  3 shadow imps
  An ooze (D:5)
  2 adder zombies
  4 worms
  2 dart slugs
  5 leopard geckos
  27 orcs
  5 giant cockroaches
  4 goblins
  8 hobgoblins
  2 jackals (D:1)
  4 quokkas
  6 ball pythons
  A ball python skeleton (D:4)
  6 bats
  11 frilled lizards
  A gnoll skeleton (Ossuary)
  2 goblin skeletons (Ossuary)
  7 kobolds
  2 kobold skeletons (Ossuary)
  2 leopard gecko zombies
  2 orc skeletons (Ossuary)
  A quokka skeleton (D:8)
  8 rats
  11 rat skeletons (Ossuary)
211 creatures vanquished.

Vanquished Creatures (others)
  A goblin skeleton (Ossuary)
1 creature vanquished.

Grand Total: 212 creatures vanquished

Notes
Turn   | Place    | Note
-------+----------+-------------------------------------------
     0 | D:1      | pk666 the Deep Elf Fire Elementalist began the quest for the Orb.
     0 | D:1      | Reached XP level 1. HP: 10/10 MP: 6/6
   751 | D:1      | Reached XP level 2. HP: 15/15 MP: 8/8
  1007 | D:2      | Found an opulent altar of Gozag.
  1319 | D:2      | Reached XP level 3. HP: 19/19 MP: 10/10
  1325 | D:2      | Learned a level 3 spell: Conjure Flame
  1417 | D:2      | Reached XP level 4. HP: 24/24 MP: 11/11
  1499 | D:2      | Reached skill level 4 in Spellcasting
  2207 | D:3      | Noticed Jessica
  2209 | D:3      | Killed Jessica
  2209 | D:3      | Reached XP level 5. HP: 28/28 MP: 13/13
  3027 | D:4      | Found Azenagh's General Store.
  3035 | D:4      | Bought a scroll of teleportation for 42 gold pieces
  3087 | D:4      | Found a glowing golden altar of the Shining One.
  3511 | D:4      | Found a staircase to the Ecumenical Temple.
  3527 | Temple   | Entered the Ecumenical Temple
  3914 | D:5      | Entered Level 5 of the Dungeon
  3939 | D:5      | Reached XP level 6. HP: 25/32 MP: 15/15
  3955 | D:5      | Reached skill level 5 in Spellcasting
  4014 | D:5      | Learned a level 5 spell: Fireball
  4275 | D:5      | Found a glowing drain.
  4279 | Sewer    | Entered a sewer
  4306 | Sewer    | Reached skill level 5 in Conjurations
  4514 | Sewer    | Reached skill level 5 in Fire Magic
  5023 | D:5      | Reached XP level 7. HP: 31/36 MP: 17/17
  5265 | D:5      | Found a runed gate.
  5265 | D:5      | Found a runed gate.
  5266 | D:5      | Found a runed gate.
  5268 | D:5      | Noticed iamserjio's ghost (amateur GnAs)
  5386 | D:5      | Reached skill level 6 in Spellcasting
  5399 | D:5      | Found an ornate altar of the Wu Jian Council.
  5404 | D:5      | Noticed a two-headed ogre
  5420 | D:5      | Killed a two-headed ogre
  5420 | D:5      | Reached skill level 7 in Spellcasting
  5420 | D:5      | Reached XP level 8. HP: 34/41 MP: 13/21
  5707 | D:6      | Found a shadowy altar of Dithmenos.
  5723 | D:6      | Found a basalt altar of Yredelemnul.
  5884 | D:6      | Reached skill level 8 in Spellcasting
  5995 | D:6      | Found a sand-covered staircase.
  6003 | Ossuary  | Entered an ossuary
  7141 | D:6      | Noticed Sigmund
  7265 | D:6      | Killed Sigmund
  7284 | D:6      | Reached skill level 9 in Spellcasting
  7290 | D:6      | Reached XP level 9. HP: 37/45 MP: 2/24
  7465 | D:6      | Noticed Eustachio
  7556 | D:6      | Killed Eustachio
  8450 | D:7      | Reached skill level 10 in Spellcasting
  9029 | D:7      | Noticed Duvessa
  9029 | D:7      | Noticed Dowan
  9047 | D:7      | Killed Duvessa
  9057 | D:7      | Killed Dowan
  9627 | D:8      | Found a sparkling altar of Nemelex Xobeh.
  9707 | D:8      | Noticed Psyche
  9709 | D:8      | Killed Psyche
  9794 | D:8      | Reached XP level 10. HP: 47/50 MP: 24/26
  9821 | D:8      | Noticed Prince Ribbit
  9826 | D:8      | Killed Prince Ribbit
  9826 | D:8      | Reached skill level 11 in Spellcasting
  9857 | D:8      | Noticed Grum
  9858 | D:8      | Found a staircase to the Lair.
  9918 | D:7      | Slain by a wolf

Vault maps used:
D:1:      kennysheep_arrival_seaside, hangedman_decor_points,
          kennysheep_another_room
D:2:      minmay_wonky_spiral, grunt_gozag_statues
D:3:      kennysheep_jessica_study
D:4:      lemuel_coloured_pillars_altar, minmay_temple_entry_purple_smoke,
          serial_shops, shop, first_ration
D:5:      overflow_temple_1_default, gup_sewer_entry_bowl,
          gammafunk_ghost_necromancy, minmay_divided_ellipse
D:6:      grunt_dithmenos_smoke_and_mirrors, basic_altar,
          nicolae_ossuary_entry_plus, uniq_eustachio, uniq_sigmund
D:7:      uniq_duvessa
D:8:      nemelex_xobeh_ov_fountains_minmay, gammafunk_temple_overflow_arena,
          vehumet_altar_wand_db, uniq_psyche, uniq_prince_ribbit1, uniq_grum,
          uniq_joseph
Temple:   regret_index_temple_generic_petals
Sewer:    sewer_co_cracked_pipes
Ossuary:  ossuary_due_small_catacomb

Skill      XL: |  1  2  3  4  5  6  7  8  9 10 |
---------------+-------------------------------+-----
Conjurations   | 2 3 4 5 6 8 9 |  9.8
Fire Magic     | 4 5 6 7 9 |  9.7
Spellcasting   | 4 5 7 9 10 11 | 11.0
Dodging        | |  2.4
Stealth        | |  2.4

Action                   |  1- 3 |  4- 6 |  7- 9 | 10-12 || total
-------------------------+-------+-------+-------+-------++-------
Melee: Unarmed           |       |    23 |     2 |       ||    25
       Quarterstaff      |       |       |     1 |     2 ||     3
 Cast: Flame Tongue      |    47 |   146 |   261 |    27 ||   481
       Conjure Flame     |     1 |     2 |    36 |     2 ||    41
       Fireball          |       |     2 |    20 |     3 ||    25
Evoke: Wand              |       |       |     7 |       ||     7
  Use: Scroll            |     4 |       |     2 |     2 ||     8
       Potion            |       |       |       |     3 ||     3
  Eat: Chunk             |     1 |     8 |    12 |       ||    21
       Ration            |       |     1 |     2 |       ||     3
Armor: Robe              |     1 |     8 |     6 |    10 ||    25
Dodge: Dodged            |     5 |    51 |    40 |    87 ||   183

Table legend:
 A = Spawn XP
 B = Non-spawn XP
 C = Spawn XP percentage of total XP
 D = Spawn monster count
 E = Non-spawn monster count
 F = Spawn count percentage of total count
 G = Total turns spent on level
                    A         B        C        D         E        F      G
               +---------+---------+-------+---------+---------+-------+---------
         Total |       0 |    6143 |   0.0 |       0 |     211 |   0.0 |  9918
               +---------+---------+-------+---------+---------+-------+---------
           D:1 |       0 |      12 |   0.0 |       0 |       7 |   0.0 |   905
           D:2 |       0 |     139 |   0.0 |       0 |      28 |   0.0 |  1024
           D:3 |       0 |      84 |   0.0 |       0 |      20 |   0.0 |   719
           D:4 |       0 |     116 |   0.0 |       0 |      13 |   0.0 |  1395
           D:5 |       0 |    1387 |   0.0 |       0 |      30 |   0.0 |  1219
           D:6 |       0 |    1172 |   0.0 |       0 |      12 |   0.0 |  1269
           D:7 |       0 |    1629 |   0.0 |       0 |      42 |   0.0 |  1488
           D:8 |       0 |    1276 |   0.0 |       0 |      11 |   0.0 |   272
         Sewer |       0 |      93 |   0.0 |       0 |      18 |   0.0 |   306
       Ossuary |       0 |     235 |   0.0 |       0 |      30 |   0.0 |  1119
               +---------+---------+-------+---------+---------+-------+---------
